 Dungeon Crawl Stone Soup version 0.18-a0-717-g59c076b (webtiles) character file.

46 Proton the Skirmisher (level 3, -2/34 HPs)
             Began as a Naga Fighter on Dec 8, 2015.
             Slain by a gnoll
             ... wielding a +0 whip
              (5 damage)
             ... on level 2 of the Dungeon.
             The game lasted 00:01:58 (1798 turns).

Proton the Skirmisher (Naga Fighter)                Turns: 1798, Time: 00:01:58

Health: -2/34      AC:  4    Str: 19    XL:     3   Next: 68%
Magic:  3/3        EV:  6    Int:  8    God:
Gold:   72         SH:  8    Dex: 10    Spells: 0 memorised, 2 levels left

rFire  . . .     SeeInvis +     a - +0 long sword
rCold  . . .     Clarity  .     s - +0 ring mail (curse)
rNeg   . . .     SustAt   .     c - +0 shield
rPois  +         Gourm    .     (no helmet)
rElec  .         Spirit   .     (no cloak)
rCorr  .         Dismiss  .     (no gloves)
rMut   .         Stasis   .     (no barding)
MR     .....                    (no amulet)
Stlth  ..........               (no ring)
                                p - -2 ring of slaying (curse)

@: very slow, not resistant to hostile enchantments, extremely unstealthy
A: see invisible, deformed body, poison resistance, slowness 2, slow metabolism
1, spit poison 2, AC +1
a: Spit Poison


You were on level 2 of the Dungeon.
You were not hungry.

You visited 1 branch of the dungeon, and saw 2 of its levels.

You collected 72 gold pieces.

Inventory:

Hand Weapons
 a - a +0 long sword (weapon)
Armour
 b - a +0 scale mail
 c - a +0 shield (worn)
 s - a cursed +0 ring mail (worn)
Jewellery
 p - a cursed -2 ring of slaying (left hand)
Scrolls
 g - 2 scrolls of enchant weapon {unknown}
 j - a scroll of teleportation
 l - 4 scrolls of fog
 m - a scroll of enchant armour {unknown}
 n - a scroll of recharging
 q - a scroll of remove curse {unknown}
Potions
 d - a potion of might
 f - a potion of ambrosia {unknown}
 h - a potion of agility
 k - a potion of resistance
 o - a potion of curing
 r - a potion of flight {unknown}
 u - a potion of brilliance {unknown}
Comestibles
 e - 3 bread rations
 i - 5 fruits


   Skills:
 + Level 3.3 Fighting
 + Level 2.2 Long Blades
 + Level 2.8 Armour
 + Level 1.1 Dodging
 + Level 2.7 Shields


You had 2 spell levels left.
You didn't know any spells.

Dungeon Overview and Level Annotations

Branches:
Dungeon (2/15)

Altars:
Ashenzari


Innate Abilities, Weirdness & Mutations

You cannot wear boots.
Your serpentine skin is tough (AC +1).
You have supernaturally acute eyesight.
Armour fits poorly on your strangely shaped body.
Your system is resistant to poisons.
You cover ground very slowly.
You have a slow metabolism.
You can spit poison.


Message History

You are too injured to fight recklessly!
You are too injured to fight recklessly!
You are too injured to fight recklessly!
You closely miss the gnoll. The gnoll hits you but does no damage.
You block the gnoll's attack. x2
The gnoll hits you with a club.
You hit the gnoll.
The gnoll is moderately wounded.
You block the gnoll's attack. The gnoll hits you with a whip.
The gnoll hits you with a whip.
* * * LOW HITPOINT WARNING * * *
You block the gnoll's attack. The gnoll hits you with a whip.
* * * LOW HITPOINT WARNING * * *
The gnoll hits you but does no damage. x2
You hit the gnoll.
The gnoll is moderately wounded.
You block the gnoll's attack. The gnoll hits you with a whip.
* * * LOW HITPOINT WARNING * * *
You block the gnoll's attack. The gnoll hits you with a whip.
You die...

#..........#...#......#..##.#
#.........##...##.....#..##.#
#.........#.....#.....#..##.#
####+.....#.....#.....#..##.#
#.##.##....<.....#.#..##.#
####.##...........###.#..##.###
.....##...............#.......#
................g.######.##.###
...............g@........รท#####
....#..........gg.#....>......#
..................#.########.##
..................#.# #.#
......#.#'#########.# #.#
......#.#.# #.# #.# ......#.#.#
######.# #.# ....###.#.#
#....#.# #.#
......#.#.####.##.#.# #.#


You could see 4 gnolls.

Vanquished Creatures
  2 oozes
  3 giant geckos
  5 giant cockroaches
  4 hobgoblins
  4 kobolds (D:1)
  9 bats
  2 goblins (D:1)
  2 jackals (D:1)
  3 rats
34 creatures vanquished.

Notes
Turn   | Place    | Note
--------------------------------------------------------------
     0 | D:1      | Proton the Naga Fighter began the quest for the Orb.
     0 | D:1      | Reached XP level 1. HP: 21/21 MP: 1/1
   160 | D:1      | Reached XP level 2. HP: 8/28 MP: 2/2
  1014 | D:1      | Reached XP level 3. HP: 32/34 MP: 3/3
  1244 | D:2      | Found a shattered altar of Ashenzari.
  1311 | D:2      | Reached skill level 1 in Dodging
  1798 | D:2      | Slain by a gnoll

Vault maps used:
D:1:      minmay_arrival_widening_spiral_narrow, serial_bayou_lagoon_a,
          minmay_misc_feat_iff
D:2:      first_bread, nicolae_ashenzari_panopticon, uniq_crazy_yiuf_cottage

Action                   || total
-------------------------++-------
Melee: Long sword        ||   128
 Abil: Spit Poison       ||     2
  Use: Scroll            ||     6
       Potion            ||     2
  Eat: Meat ration       ||     1
